 Dungeon Crawl Stone Soup version 0.30-a0-335-ge5acde7520 (webtiles) character file.

Game seed: 1390333156189203340

392 Shayle the Sneak (level 6, -1/57 HPs)
             Began as a Naga Reaver on Oct 31, 2022.
             Slain by a phantom (5 damage)
             ... on level 5 of the Dungeon.
             The game lasted 00:10:48 (3787 turns).

Shayle the Sneak (Naga Reaver)                      Turns: 3787, Time: 00:10:48

Health: -1/57      AC:  4    Str: 15    XL:     6   Next: 81%
Magic:  9/9        EV: 10    Int: 15    God:
Gold:   190        SH:  0    Dex:  9    Spells: 8/9 levels left

rFire   . . .      SeeInvis +    l - +0 short sword (venom)
rCold   . . .      Faith    .    (no shield)
rNeg    . . .      Spirit   .    b - +0 leather armour
rPois   +          Reflect  .    t - +0 helmet
rElec   .          Harm     .    (no cloak)
rCorr   .          Rampage  .    (no gloves)
Will    .....                    (no barding)
Stlth   ++........               (no amulet)
HPRegen 0.29/turn                (no ring)
MPRegen 0.11/turn                (no ring)

@: very slow
A: AC +2, large, see invisible, deformed body, poison resistance, slowness 2,
spit poison 1, naga tail 1, evolution 1, inability to drink after injury 1,
sturdy frame 1
a: Spit Poison


You were on level 5 of the Dungeon.
You visited 1 branch of the dungeon, and saw 5 of its levels.

You collected 190 gold pieces.

Inventory:

Hand Weapons
 a - a +0 spear
 l - a +0 short sword of venom (weapon)
 m - a +0 hammer
Missiles
 u - 2 boomerangs of dispersal
Armour
 b - a +0 leather armour (worn)
 t - a +0 helmet (worn)
Wands
 e - a wand of flame (16)
Scrolls
 d - a scroll of amnesia {unknown}
 j - 4 scrolls of teleportation {unknown}
 k - a scroll of fog {unknown}
 n - 2 scrolls of identify {unknown}
 o - a scroll of immolation {unknown}
 p - a scroll of vulnerability {unknown}
 q - a scroll of brand weapon {unknown}
 s - a scroll of poison {unknown}
Potions
 c - a potion of haste
 f - a potion of berserk rage {unknown}
 g - a potion of might {unknown}
 h - a potion of cancellation {unknown}
 i - 2 potions of curing


   Skills:
 + Level 3.9 Fighting
 + Level 4.4 Polearms
 + Level 3.1 Dodging
 + Level 5.0 Stealth
 - Level 2.0 Spellcasting
 - Level 3.0 Conjurations


You had 8 spell levels left.
You knew the following spells:

 Your Spells              Type           Power      Damage    Failure   Level
a - Kiss of Death         Conj/Necr      24%        2d7       12%         1

Your spell library contained the following spells:

 Spells                   Type           Power      Damage    Failure   Level
 Momentum Strike          Conj/Tloc      12%        3d8       19%         2
 Hailstorm                Conj/Ice       6%         3d4       36%         3
 Gell's Gravitas          Tloc           1%         N/A       56%         3
 Lesser Beckoning         Tloc           2%         N/A       56%         3
 Teleport Other           Tloc           1%         N/A       56%         3


Dungeon Overview and Level Annotations

Branches:
Dungeon (5/15)
 Temple: D:4-7

Altars:
Ru

Annotations:
D:2 1 runed translucent door, Crazy Yiuf
D:3 2 transporters


Innate Abilities, Weirdness & Mutations

Your serpentine skin is tough. (AC +2)
You have supernaturally acute eyesight. (SInv)
Armour fits poorly on your strangely shaped body.
Your system is resistant to poisons. (rPois)
You cover ground very slowly.
You can spit poison.
You have a snake-like lower body.
You have hidden genetic potential.
You occasionally lose the ability to drink potions when taking damage.
Your movements are slightly less encumbered by armour. (ER -2)


Message History

* * * LOW HITPOINT WARNING * * *
The phantom blinks!
You blink.
You hit the phantom.
The phantom is severely damaged.
The phantom hits you.
* * * LOW HITPOINT WARNING * * *
The phantom blinks!
You blink.
You closely miss the phantom.
The phantom is severely damaged.
The phantom closely misses you.
You hit the phantom.
You punch the phantom, but do no damage.
The phantom is almost destroyed.
The phantom barely misses you.
You miss the phantom.
The phantom is almost destroyed.
The phantom closely misses you.
You hit the phantom but do no damage.
The phantom is almost destroyed.
The phantom hits you.
* * * LOW HITPOINT WARNING * * *
You closely miss the phantom.
The phantom is almost destroyed.
The phantom hits you.
* * * LOW HITPOINT WARNING * * *
The phantom blinks!
You blink.
You miss the phantom.
The phantom is almost destroyed.
The phantom hits you.
* * * LOW HITPOINT WARNING * * *
You hit the phantom.
The phantom is almost destroyed.
The phantom hits you but does no damage.
You hit the phantom.
The phantom is almost destroyed.
The phantom hits you but does no damage.
You completely miss the phantom.
The phantom is almost destroyed.
The phantom hits you.
You die...

.. ######### .#
#.......# .# #.#
#.# .#
#####.#####.# .#
#.....[..##.# .#
...###W##.##.####.#
#@##......<..#
#.......######
#########


You could see a phantom.

Vanquished Creatures
  2 black bears (D:4)
  A hound (D:4)
  An orc wizard (D:4)
  A gnoll (D:1)
  6 adders
  An ufetubus (D:4)
  3 worms
  2 dart slugs
  4 orcs
  8 bats
  6 endoplasms
  2 giant cockroaches (D:1)
  8 goblins
  4 hobgoblins
  8 ball pythons
  3 frilled lizards
  4 kobolds
  13 rats
77 creatures vanquished.

Vanquished Creatures (collateral kills)
  An adder (D:2)
  A goblin (D:2)
  A kobold (D:2)
3 creatures vanquished.

Grand Total: 80 creatures vanquished

Notes
Turn   | Place    | Note
-------+----------+-------------------------------------------
     0 | D:1      | Shayle the Naga Reaver began the quest for the Orb.
     0 | D:1      | Reached XP level 1. HP: 19/19 MP: 3/3
    69 | D:1      | Reached skill level 1 in Stealth
    69 | D:1      | Reached XP level 2. HP: 15/26 MP: 5/5
   231 | D:1      | Reached XP level 3. HP: 33/33 MP: 6/6
   321 | D:1      | Reached skill level 2 in Stealth
   976 | D:2      | Reached XP level 4. HP: 39/40 MP: 7/7
  1182 | D:2      | Found a runed translucent door.
  1183 | D:2      | Noticed Crazy Yiuf
  1276 | D:2      | Reached skill level 3 in Stealth
  1653 | D:3      | Reached XP level 5. HP: 49/49 MP: 8/8
  1719 | D:3      | Found a transporter.
  1777 | D:3      | Found a sacrificial altar of Ru.
  1810 | D:3      | Found a transporter.
  2341 | D:4      | Gained mutation: You have a somewhat thin skeletal
                  | structure. (Dex +2, Stealth+) [potion of mutation]
  2341 | D:4      | Gained mutation: Potions are less effective at restoring
                  | your health. [potion of mutation]
  2341 | D:4      | Gained mutation: You occasionally shout uncontrollably at
                  | your foes. [potion of mutation]
  2342 | D:4      | Lost mutation: You occasionally shout uncontrollably at
                  | your foes. [potion of mutation]
  2342 | D:4      | Lost mutation: Potions are less effective at restoring your
                  | health. [potion of mutation]
  2342 | D:4      | Lost mutation: You have a somewhat thin skeletal structure.
                  | (Dex +2, Stealth+) [potion of mutation]
  2342 | D:4      | Gained mutation: You occasionally lose the ability to drink
                  | potions when taking damage. [potion of mutation]
  2342 | D:4      | Gained mutation: You have hidden genetic potential. [potion
                  | of mutation]
  2608 | D:4      | Noticed a black bear
  2618 | D:4      | Killed a black bear
  2619 | D:4      | Reached skill level 4 in Stealth
  2619 | D:4      | Reached XP level 6. HP: 45/56 MP: 9/9
  2624 | D:4      | Gained mutation: Your movements are slightly less
                  | encumbered by armour. (ER -2) [hidden potential]
  2859 | D:4      | Noticed a black bear
  2905 | D:4      | Killed a black bear
  3639 | D:5      | Entered Level 5 of the Dungeon
  3653 | D:4      | Reached skill level 5 in Stealth
  3787 | D:5      | Slain by a phantom

Illustrated notes

Levels and vault maps discovered:
D:1:      dpeg_arrival_ratfight, layout_rooms, serial_rivers,
          chequers_serial_rivers_room_a, chequers_serial_rivers_marsh,
          chequers_serial_rivers_micro_c, chequers_serial_rivers_room_a,
          chequers_serial_rivers_small_a
D:2:      layout_basic, uniq_crazy_yiuf_cottage
D:3:      gammafunk_wand_slinger, layout_loops_ring, nicolae_ru_path_of_blood,
          amcnicky_mini_pool_small
D:4:      layout_layer_cave
D:5:      layout_loops_cross, chequers_serial_rivers_micro_a,
          minmay_misc_feat_plants, grunt_decor_mini_mirrors,
          roderic_three_in_a_row, uniq_prince_ribbit1, uniq_edmund

Skill      XL: |  1  2  3  4  5  6 |
---------------+-------------------+-----
Stealth        | 1 2 3 4 5 |  5.0
Dodging        | 2 3 |  3.1
Fighting       | 3 |  3.9
Polearms       | 4 |  4.4
Spellcasting   | |  2.0
Conjurations   | |  3.0

Action                   |  1- 3 |  4- 6 || total
-------------------------+-------+-------++-------
Melee: Spear             |    78 |    37 ||   115
       Short sword       |       |   191 ||   191
       Punch             |       |     5 ||     5
 Abil: Spit Poison       |    28 |    16 ||    44
  Use: Scroll            |       |     1 ||     1
       Potion            |       |     6 ||     6
 Stab: Sleeping          |     1 |     4 ||     5
Armor: Leather armour    |    23 |    66 ||    89
Dodge: Dodged            |    44 |   113 ||   157

Table legend: (Time is in decaauts)
 A = Elapsed time spent in this place.
 B = Non-inter-level travel time spent in this place.
 C = Inter-level travel time spent in this place.
 D = Time resting spent in this place.
 E = Time spent auto-exploring this place.
 F = Levels seen in this place.
 G = Mean time per level.
                   A        B        C        D        E       F      G
               +--------+--------+--------+--------+--------+-----+--------+
         Total |   4781 |   4646 |    135 |    416 |   3085 |   5 |  956.2 |
       Dungeon |   4781 |   4646 |    135 |    416 |   3085 |   5 |  956.2 |
               +--------+--------+--------+--------+--------+-----+--------+

Top non-repeatable levels by time:
     D:4: 1827 daAuts
     D:2: 1021 daAuts
     D:1: 1003 daAuts
     D:3: 840 daAuts
     D:5: 89 daAuts
